 Dungeon Crawl Stone Soup version 0.27-a0-1273-gec92ba881d (webtiles) character file.

Game seed: 5388594342713082038

550 bobarctor the Thaumaturge (level 7, -4/36 HPs)
             Began as a Deep Elf Necromancer on June 11, 2021.
             Slain by Duvessa
             ... wielding a +0 rapier
              (19 damage)
             ... on level 4 of the Dungeon.
             The game lasted 00:14:11 (4137 turns).

bobarctor the Thaumaturge (Deep Elf Necromancer)    Turns: 4137, Time: 00:14:12

Health: -4/36      AC:  4    Str: 11    XL:     7   Next: 7%
Magic:  4/20       EV: 13    Int: 21    God:
Gold:   142        SH:  0    Dex: 16    Spells: 8/22 levels left

rFire    . . .     SeeInvis .   b - +0 hand axe
rCold    . . .     Faith    .   (no shield)
rNeg     . . .     Spirit   .   a - +0 robe
rPois    .         Reflect  .   (no helmet)
rElec    .         Harm     .   (no cloak)
rCorr    .         Rampage  .   h - +0 pair of gloves
Will     .....                  y - +0 pair of boots
Stlth    ++........             x - amulet of the acrobat
HPRegen  0.12/turn              n - +4 ring of slaying
MPRegen  0.17/turn              t - +6 ring of strength

@: very slightly contaminated
A: no striking features
a: no special abilities


You were on level 4 of the Dungeon.
You visited 1 branch of the dungeon, and saw 4 of its levels.

You collected 142 gold pieces.

Inventory:

Hand Weapons
 b - a +0 hand axe (weapon)
 w - a +1 hunting sling of freezing
Missiles
 c - 155 stones
 j - 20 poisoned darts (quivered)
 o - 29 bolts
 s - 23 arrows
 v - 3 javelins
Armour
 a - a +0 robe (worn)
 h - a +0 pair of gloves (worn)
 y - a +0 pair of boots (worn)
Jewellery
 m - a ring of see invisible
 n - a +4 ring of slaying (left hand)
 t - a +6 ring of strength (right hand)
 x - an amulet of the acrobat (around neck)
Scrolls
 e - a scroll of immolation {unknown}
 f - 2 scrolls of enchant armour {unknown}
 g - 4 scrolls of identify {unknown}
 p - a scroll of vulnerability {unknown}
 q - a scroll of teleportation {unknown}
 u - a scroll of fear {unknown}
Potions
 d - a potion of resistance {unknown}
 i - a potion of heal wounds {unknown}
 k - a potion of curing {unknown}
 l - 2 potions of haste {unknown}
 r - a potion of magic {unknown}


   Skills:
 * Level 0.2 Fighting
 + Level 2.8 Dodging
 + Level 3.2 Stealth
 + Level 8.3 Spellcasting
 + Level 6.9 Necromancy


You had 8 spell levels left.
You knew the following spells:

 Your Spells              Type           Power      Damage    Failure   Level
a - Pain                  Necr           100%       1d9       1%          1
b - Animate Skeleton      Necr           74%        N/A       1%          1
c - Vampiric Draining     Necr           18%        2d8       1%          3
d - Animate Dead          Necr           18%        N/A       4%          4
e - Agony                 Necr           37%        N/A       12%         5

Your spell library contained the following spells:

 Spells                   Type           Power      Damage    Failure   Level


Dungeon Overview and Level Annotations

Branches:
Dungeon (4/15)
 Temple: D:4-7

Altars:

Annotations:
D:4 Duvessa


Message History

Aiming: Pain (safe; 1% risk of failure)
Press: ? - help, Shift-Dir - straight line, f/p - Duvessa
Aim: Duvessa, wielding a +0 rapier and wearing a +0 ring mail (berserk, poisoned, chance to affect: 71%) Duvessa writhes in agony.
Duvessa rages.
Duvessa completely misses you.
Casting: Pain (safe; 1% risk of failure)
Confirm with . or Enter, or press ? or * to list all spells.
Aiming: Vampiric Draining (safe; 1% risk of failure)
Press: ? - help, Shift-Dir - straight line, f/p - Duvessa
Aim: Duvessa, wielding a +0 rapier and wearing a +0 ring mail (lightly wounded, berserk, poisoned)
You draw life force from Duvessa!
You feel life coursing into your body. Duvessa misses you.
Unknown command.
Casting: Vampiric Draining (safe; 1% risk of failure)
Confirm with . or Enter, or press ? or * to list all spells.
Aiming: Vampiric Draining (safe; 1% risk of failure)
Press: ? - help, Shift-Dir - straight line, f/p - Duvessa
Aim: Duvessa, wielding a +0 rapier and wearing a +0 ring mail (moderately wounded, berserk, poisoned)
You miscast Vampiric Draining.
You are very lightly contaminated with residual magic.
Nothing appears to happen.
Duvessa misses you. Duvessa hits you with a +0 rapier!
Unknown command.
Casting: Vampiric Draining (safe; 1% risk of failure)
Confirm with . or Enter, or press ? or * to list all spells.
Aiming: Vampiric Draining (safe; 1% risk of failure)
Press: ? - help, Shift-Dir - straight line, f/p - Duvessa
Aim: Duvessa, wielding a +0 rapier and wearing a +0 ring mail (moderately wounded, berserk, poisoned)
You draw life force from Duvessa!
You feel life coursing into your body. Duvessa hits you with a +0 rapier!
Casting: Vampiric Draining (safe; 1% risk of failure)
Confirm with . or Enter, or press ? or * to list all spells.
Aiming: Vampiric Draining (safe; 1% risk of failure)
Press: ? - help, Shift-Dir - straight line, f/p - Duvessa
Aim: Duvessa, wielding a +0 rapier and wearing a +0 ring mail (heavily wounded, berserk, poisoned)
You draw life force from Duvessa.
You feel life coursing into your body. Duvessa closely misses you.
Duvessa hits you with a +0 rapier!!
Ouch! That really hurt!
You die...

...........##...
.....#.....#... .....#
..............# ......
.....#....##..####......
........####............
.......<......#....)..$.
..............#........#
.########..............#
## ###.....@e.....#
##........).##
#....#.#.....#
#...##.##.#..( #[..####
## .. ##### #


You could see Duvessa (berserk, poisoned).

Vanquished Creatures
  Eustachio (D:4)
  A black bear (D:4)
  An ogre (D:4)
  Dowan (D:4)
  A hound (D:4)
  3 gnolls (D:2)
  5 adders
  A worm (D:2)
  2 dart slugs
  An orc (D:3)
  5 ball pythons
  9 endoplasms
  2 giant cockroaches
  5 goblins
  11 hobgoblins
  4 jackals
  3 quokkas
  4 bats
  7 kobolds
  7 rats
74 creatures vanquished.

Notes
Turn   | Place    | Note
-------+----------+-------------------------------------------
     0 | D:1      | bobarctor the Deep Elf Necromancer began the quest for the
                  | Orb.
     0 | D:1      | Reached XP level 1. HP: 10/10 MP: 6/6
     0 | D:1      | Noticed a troll
     0 | D:1      | Noticed a minotaur skeleton
     5 | D:1      | Noticed a centaur
     6 | D:1      | Noticed a vampire
    13 | D:1      | Noticed a troll
    13 | D:1      | Noticed a ghoul
    15 | D:1      | Noticed a vine stalker
    17 | D:1      | Noticed a felid
   149 | D:1      | Reached skill level 5 in Necromancy
   321 | D:1      | Reached XP level 2. HP: 14/15 MP: 6/8
   389 | D:1      | Learned a level 1 spell: Animate Skeleton
   399 | D:1      | Found a faded altar of an unknown god.
   886 | D:1      | Reached skill level 4 in Spellcasting
   926 | D:1      | Reached XP level 3. HP: 13/19 MP: 5/10
   945 | D:1      | Learned a level 3 spell: Vampiric Draining
  1595 | D:2      | Reached skill level 5 in Spellcasting
  1595 | D:2      | Reached XP level 4. HP: 19/24 MP: 8/13
  1654 | D:2      | Learned a level 4 spell: Animate Dead
  2903 | D:3      | Reached XP level 5. HP: 27/28 MP: 13/15
  2909 | D:3      | Learned a level 5 spell: Agony
  3295 | D:3      | Reached skill level 6 in Spellcasting
  3343 | D:4      | Noticed an ogre
  3356 | D:4      | Killed an ogre
  3488 | D:4      | Noticed Eustachio
  3500 | D:4      | Killed Eustachio
  3501 | D:4      | Reached skill level 7 in Spellcasting
  3501 | D:4      | Reached XP level 6. HP: 25/32 MP: 1/18
  3545 | D:4      | Reached skill level 8 in Spellcasting
  4123 | D:4      | Noticed Dowan
  4128 | D:4      | Noticed Duvessa
  4130 | D:4      | Killed Dowan
  4131 | D:4      | Reached XP level 7. HP: 31/36 MP: 15/20
  4137 | D:4      | Slain by Duvessa

Illustrated notes

Levels and vault maps discovered:
D:1:      shiori_arrival_whats_in_store_for_you, layout_basic,
          hellmonk_ecumenical_altar_crossroads
D:2:      layout_loops_corners
D:3:      layout_loops_cross
D:4:      layout_cave_pools, lemuel_temple_firewalk_b, uniq_natasha,
          uniq_blork_the_orc, uniq_duvessa, uniq_eustachio

Skill      XL: |  1  2  3  4  5  6 |
---------------+-------------------+-----
Necromancy     | 5 6 |  6.9
Spellcasting   | 4 5 7 8 |  8.3
Stealth        | 3 |  3.2
Fighting       | |  0.2
Dodging        | |  2.8

Action                   |  1- 3 |  4- 6 |  7- 9 || total
-------------------------+-------+-------+-------++-------
Melee: Hand axe          |       |     7 |       ||     7
Throw: Stone             |     2 |       |       ||     2
       Dart              |       |     5 |     2 ||     7
 Cast: Pain              |    55 |    59 |     1 ||   115
       Vampiric Draining |     2 |    16 |     3 ||    21
Armor: Robe              |     2 |     3 |       ||     5
Dodge: Dodged            |     4 |    19 |     4 ||    27

Table legend: (Time is in decaauts)
 A = Elapsed time spent in this place.
 B = Non-inter-level travel time spent in this place.
 C = Inter-level travel time spent in this place.
 D = Time resting spent in this place.
 E = Time spent auto-exploring this place.
 F = Levels seen in this place.
 G = Mean time per level.
                   A        B        C        D        E       F      G
               +--------+--------+--------+--------+--------+-----+--------+
         Total |   4136 |   4078 |     58 |   1298 |   2274 |   4 | 1034.0 |
       Dungeon |   4136 |   4078 |     58 |   1298 |   2274 |   4 | 1034.0 |
               +--------+--------+--------+--------+--------+-----+--------+

Top non-repeatable levels by time:
     D:2: 1320 daAuts
     D:1: 1249 daAuts
     D:4: 797 daAuts
     D:3: 769 daAuts
